 Dungeon Crawl Stone Soup version 0.18-a0-1343-g48c8f86 (webtiles) character file.

274 M4edhros the Insei (level 6, -1/47 HPs)
             Began as a Mummy Monk on Feb 16, 2016.
             Slain by an adder skeleton (3 damage)
             ... on level 4 of the Dungeon.
             The game lasted 00:04:40 (4577 turns).

M4edhros the Insei (Mummy Monk)                     Turns: 4577, Time: 00:04:40

Health: -1/47      AC:  5    Str: 14    XL:     6   Next: 3%
Magic:  6/6        EV: 13    Int:  9    God:
Gold:   165        SH:  0    Dex: 17    Spells: 0 memorised, 5 levels left

rFire  x . .     SeeInvis .       - Unarmed
rCold  + . .     Gourm    .     (no armour)
rNeg   + + +     Faith    .     (no shield)
rPois  ∞         Spirit   .     g - +2 helmet
rElec  .         Dismiss  .     k - +1 cloak
rCorr  .         Reflect  .     (no gloves)
SustAt .         Harm     .     (no boots)
MR     .....                    (no amulet)
Stlth  ++........               (no ring)
                                (no ring)

@: not resistant to hostile enchantments, unstealthy
A: no food or potions, fire vulnerability, cold resistance 1, negative energy
resistance 3, torment resistance, unbreathing
a: no special abilities


You were on level 4 of the Dungeon.
You were not hungry.

You visited 1 branch of the dungeon, and saw 4 of its levels.

You collected 165 gold pieces.

Inventory:

Armour
 g - a +2 helmet (worn)
 k - a +1 cloak (worn)
Jewellery
 h - an uncursed ring of ice
Wands
 a - a wand of acid (4/15)
 e - a wand of random effects (25/48)
Scrolls
 b - 2 scrolls of recharging
 d - 2 scrolls of enchant weapon
 j - a scroll of identify
Comestibles
 f - 2 fruits


   Skills:
 - Level 3.0 Fighting
 - Level 2.4 Dodging
 - Level 1.5 Stealth
 + Level 6.1 Unarmed Combat


You had 5 spell levels left.
You didn't know any spells.

Dungeon Overview and Level Annotations

Branches:
Dungeon (4/15)
 Temple: D:4-7

Altars:
Dithmenos
Elyvilon
Makhleb
Nemelex Xobeh
Okawaru
Pakellas
Qazlal
Sif Muna
Trog
Vehumet

Annotations:
D:3 Grinder
D:4 Robin


Innate Abilities, Weirdness & Mutations

You do not eat or drink.
Your flesh is vulnerable to fire.
You are immune to poison.
Your flesh is cold resistant.
You are immune to negative energy.
You are immune to unholy pain and torment.
You can survive without breathing.


Message History

Your surroundings suddenly seem different.
Found 13 gold pieces.
A ball python and a skeleton come into view.
Unknown command.
Unknown command.
Unknown command.
A ball python is nearby!
Read which item? (? for menu, Esc to quit)
As you read the scroll of fog, it crumbles to dust.
The scroll dissolves into smoke.
The adder skeleton bites you but does no damage.
You barely miss the adder skeleton. The adder skeleton bites you.
* * * LOW HITPOINT WARNING * * *
You closely miss the adder skeleton. The adder skeleton bites you.
* * * LOW HITPOINT WARNING * * *
You hit the adder skeleton. The adder skeleton closely misses you.
You closely miss the adder skeleton. The adder skeleton bites you.
* * * LOW HITPOINT WARNING * * *
You punch the adder skeleton! The adder skeleton bites you.
You die...

. #..
#######..##
#@Z§..$....
###§.......
#§...S...
#.........
#..........
#..........
...........
.Z..........
##...........


You could see an adder skeleton.

Vanquished Creatures
  Jessica (D:3)
  2 worker ants (D:4)
  3 gnolls (D:3)
  10 adders
  An ooze (D:1)
  3 worms (D:3)
  2 giant geckos
  4 orcs
  2 bats
  3 giant cockroaches (D:3)
  6 goblins
  7 hobgoblins
  7 jackals
  3 quokkas (D:3)
  A ball python (D:1)
  A giant gecko skeleton (D:4)
  3 giant newts
  4 kobolds (D:1)
  9 rats
72 creatures vanquished.

Notes
Turn   | Place    | Note
--------------------------------------------------------------
     0 | D:1      | M4edhros the Mummy Monk began the quest for the Orb.
     0 | D:1      | Reached XP level 1. HP: 18/18 MP: 1/1
   376 | D:1      | Reached XP level 2. HP: 10/24 MP: 2/2
   565 | D:1      | Reached skill level 4 in Unarmed Combat
   890 | D:1      | Reached XP level 3. HP: 26/29 MP: 3/3
  1848 | D:2      | Reached XP level 4. HP: 20/35 MP: 4/4
  2104 | D:2      | Found a stormy altar of Qazlal.
  2465 | D:3      | Noticed Jessica
  2784 | D:3      | Noticed Grinder
  2907 | D:3      | Reached skill level 5 in Unarmed Combat
  2912 | D:3      | Found a radiant altar of Vehumet.
  3284 | D:3      | Reached XP level 5. HP: 21/41 MP: 5/5
  3299 | D:3      | Killed Jessica
  3811 | D:4      | Found an oddly glowing altar of Pakellas.
  3813 | D:4      | Found a white marble altar of Elyvilon.
  3813 | D:4      | Found an iron altar of Okawaru.
  3815 | D:4      | Found a shadowy altar of Dithmenos.
  3816 | D:4      | Found a sparkling altar of Nemelex Xobeh.
  3942 | D:4      | Noticed an ogre
  4510 | D:4      | Reached skill level 6 in Unarmed Combat
  4527 | D:4      | Found a deep blue altar of Sif Muna.
  4528 | D:4      | Found a burning altar of Makhleb.
  4528 | D:4      | Found a bloodstained altar of Trog.
  4538 | D:4      | Reached XP level 6. HP: 34/47 MP: 6/6
  4553 | D:4      | Noticed Robin
  4576 | D:4      | HP: 2/47 [adder skeleton (1)]
  4577 | D:4      | Slain by an adder skeleton

Vault maps used:
D:1:      elethiomel_arrival_maze, minmay_misc_feat_alley
D:2:      grunt_qazlal_sundering
D:3:      lemuel_round_altar, uniq_jessica, uniq_grinder
D:4:      grunt_temple_overflow_open, serial_shops, shop, minivault_25,
          uniq_eustachio, uniq_sigmund, uniq_robin

Action                   |  1- 3 |  4- 6 || total
-------------------------+-------+-------++-------
Melee: Unarmed           |   107 |   248 ||   355
  Use: Scroll            |       |    10 ||    10
 Stab: Sleeping          |     3 |     4 ||     7
